 Dungeon Crawl Stone Soup version 0.28.0 (webtiles) character file.

Game seed: 940677125479443657

12336 browni3141 the Fighter (level 11, -6/154 (157) HPs)
             Began as a Minotaur Berserker on Feb 16, 2022.
             Was a High Priest of Trog.
             Mangled by a chaos spawn (9 damage)
             ... summoned by an orc high priest
             ... while paralysed by a chaos spawn
             ... on level 2 of the Orcish Mines.
             The game lasted 00:08:00 (13584 turns).

browni3141 the Fighter (Minotaur Berserker)        Turns: 13584, Time: 00:08:01

HP:   -6/154 (157)  AC: 21    Str: 26    XL:     11   Next: 61%
MP:   10/10         EV:  2    Int:  4    God:    Trog [*****.]
Gold: 833           SH:  0    Dex: 22    Spells: 10/10 levels left

rFire   . . .      SeeInvis .   L - +3 broad axe
rCold   . . .      Faith    .   B - +0 buckler
rNeg    . . .      Spirit   .   K - +4 plate armour
rPois   .          Reflect  .   (helmet restricted)
rElec   .          Harm     .   (no cloak)
rCorr   .          Rampage  .   E - +0 pair of gloves
Will    .....                   (no boots)
Stlth   ..........              (no amulet)
HPRegen 0.35/turn               A - +6 ring of dexterity
MPRegen 0.12/turn               i - +6 ring of dexterity

@: paralysed, berserking (expiring), lightly drained
A: horns 2, retaliatory headbutt
a: Renounce Religion, Berserk, Trog's Hand, Brothers in Arms


You were on level 2 of the Orcish Mines.
You worshipped Trog.
Trog was extremely pleased with you.
You visited 2 branches of the dungeon, and saw 11 of its levels.

You collected 833 gold pieces.

Inventory:

Hand Weapons
 L - a +3 broad axe (weapon)
Missiles
 r - 2 throwing nets (quivered)
 F - 3 curare-tipped darts
Armour
 b - a +0 animal skin
 u - a +0 chain mail
 B - a +0 buckler (worn)
 E - a +0 pair of gloves (worn)
 K - a +4 plate armour (worn)
Jewellery
 g - a ring of resist corrosion
 i - a +6 ring of dexterity (right hand)
 t - a ring of see invisible
 A - a +6 ring of dexterity (left hand)
Wands
 C - a wand of polymorph (16)
Scrolls
 c - 3 scrolls of immolation
 m - a scroll of noise
 n - 6 scrolls of teleportation
 o - 3 scrolls of fear
 s - a scroll of holy word
 v - 2 scrolls of torment
 y - 2 scrolls of vulnerability
 D - 3 scrolls of fog
 G - 4 scrolls of enchant weapon
 I - a scroll of identify
Potions
 d - 3 potions of degeneration {unknown}
 e - 2 potions of heal wounds {unknown}
 f - 8 potions of curing {unknown}
 h - 7 potions of invisibility
 j - a potion of brilliance {unknown}
 k - 2 potions of ambrosia {unknown}
 l - 2 potions of lignification {unknown}
 p - 3 potions of attraction {unknown}
 q - a potion of haste {unknown}
 w - a potion of might {unknown}
 x - a potion of mutation {unknown}
 z - 2 potions of cancellation {unknown}


   Skills:
 + Level 12.4 Fighting
 + Level 12.3 Axes
 + Level 12.1 Armour
 - Level 2.1 Dodging
 + Level 8.7 Shields


You had 10 spell levels left.
You didn't know any spells.
Your spell library was empty.

Dungeon Overview and Level Annotations

Branches:
Dungeon (9/15)             Temple (0/1) D:5            Lair (0/6) D:8
    Orc (2/2) D:9
    Elf: Orc:2

Altars:
Dithmenos
Gozag
Okawaru
Qazlal
Ru
Trog
Wu Jian
Xom
Yredelemnul
Zin
The Shining One

Annotations:
D:9 1 runed translucent door
Orc:2 Blork the orc


Innate Abilities, Weirdness & Mutations

You have a pair of horns on your head.
You reflexively headbutt those who attack you in melee.


Message History

The chaos spawn gores you!
You suddenly lose the ability to move!
The chaos spawn gores you but does no damage.
The soul eater hits you but does no damage.
The orc high priest calls down the wrath of Beogh upon you.
Beogh smites you!
The chaos spawn gores you but does no damage.
The chaos spawn hits you but does no damage.
The soul eater draws from the surrounding life force!
The soul eater is healed.
Blork the orc comes into view.
He is wielding a +0 trident.
The orc high priest hits you from afar with a +0 halberd!
The orc knight roars a battlecry!
The orc warrior goes into a battle-frenzy!
An orc warrior comes into view. It is wielding a +0 hand axe.
The chaos spawn gores you but does no damage.
The chaos spawn hits you!
The soul eater draws from the surrounding life force!
The soul eater is healed.
You hear a shout!
The orc high priest hits you from afar with a +0 halberd.
The chaos spawn hits you but does no damage.
The chaos spawn gores you but does no damage.
The soul eater hits you!
* * * LOW HITPOINT WARNING * * *
You feel drained.
* * * LOW HITPOINT WARNING * * *
An orc warrior comes into view. It is wielding a +0 hand axe.
The orc high priest hits you from afar with a +0 halberd!
* * * LOW HITPOINT WARNING * * *
The chaos spawn hits you but does no damage.
The chaos spawn gores you but does no damage.
The soul eater hits you!
* * * LOW HITPOINT WARNING * * *
The orc high priest hits you from afar with a +0 halberd!
* * * LOW HITPOINT WARNING * * *
An orc comes into view. It is wielding a +0 flail.
The chaos spawn gores you.
* * * LOW HITPOINT WARNING * * *
You are engulfed in flames!
You die...

....o.. ....o.. ##.
.....# ##.... .oo..#
#.##...... oo...#
....#..#.## ####8o..8#
.........####..#4oo..#.
###.............@3oo....
#...............4...#...
.............)..........
.......))...............
<##.....)...........$...
#####)).)...............
##..................
.......##..#........
........#.........


You could see 2 orc knights, a soul eater (summoned), an orc high priest
(strong), 2 chaos spawn, Blork the orc (strong), 5 orc warriors, an orc priest
(strong) and an orc (strong).

Vanquished Creatures
  The ghost of ggurman the Bludgeoner, a journeyman MiFi of Okawaru (Orc:1)
  A centaur warrior (D:9)
  A two-headed ogre (D:9)
  The ghost of dolemite99 the Martial Artist, a novice DsGl of Wu Jian (D:9)
  Pikel (D:7)
  An orc knight (Orc:1)
  An ugly thing (D:9)
  2 orc sorcerers
  3 centaur zombies
  Maurice (Orc:1)
  A troll (Orc:1)
  A shadow (D:9)
  7 yaks
  A golden eye (Orc:1)
  4 wargs (Orc:1)
  Duvessa (D:7)
  An acid dragon (D:9)
  16 orc warriors
  3 sky beasts
  5 ogres
  3 centaurs
  A phantom (D:6)
  3 lemures (D:7)
  3 kobold brigands
  3 bullfrogs
  2 gnoll sergeants
  5 scorpions
  A water moccasin skeleton (D:5)
  Dowan (D:7)
  A bullfrog zombie (D:5)
  7 orc priests
  A gnoll shaman (D:4)
  2 hounds (D:5)
  A centaur skeleton (D:6)
  4 jellies
  A bullfrog skeleton (D:5)
  4 iguanas
  17 orc wizards
  14 gnolls
  9 adders
  3 howler monkey skeletons
  2 shadow imps
  An adder skeleton (D:4)
  2 worms
  65 orcs
  2 bats (D:1)
  10 endoplasms
  2 giant cockroaches
  4 goblins
  3 hobgoblins
  6 jackals
  29 kobolds
  3 quokkas
  6 ball pythons
  7 frilled lizards
  6 rats
287 creatures vanquished.

Vanquished Creatures (others)
  12 fungi
  18 plants
30 creatures vanquished.

Grand Total: 317 creatures vanquished

Notes
Turn   | Place    | Note
-------+----------+-------------------------------------------
     0 | D:1      | browni3141 the Minotaur Berserker began the quest for the
                  | Orb.
     0 | D:1      | Reached XP level 1. HP: 19/19 MP: 0/0
    40 | D:1      | Reached XP level 2. HP: 27/27 MP: 1/1
  1294 | D:2      | Reached XP level 3. HP: 33/33 MP: 2/2
  1332 | D:2      | Reached ** piety under Trog
  1786 | D:2      | Reached XP level 4. HP: 16/41 MP: 3/3
  2062 | D:2      | Found a faded altar of an unknown god.
  2591 | D:3      | Reached XP level 5. HP: 20/47 MP: 4/4
  2838 | D:3      | Reached skill level 5 in Fighting
  2838 | D:3      | Reached skill level 5 in Axes
  3805 | D:4      | Reached XP level 6. HP: 54/56 MP: 5/5
  3806 | D:4      | Reached *** piety under Trog
  3809 | D:4      | Reached skill level 5 in Armour
  4195 | D:4      | Found a shadowy altar of Dithmenos.
  4598 | D:5      | Entered Level 5 of the Dungeon
  4630 | D:5      | Found a staircase to the Ecumenical Temple.
  4739 | D:5      | Reached XP level 7. HP: 63/63 MP: 6/6
  5687 | D:5      | Reached XP level 8. HP: 73/73 MP: 7/7
  7074 | D:6      | Found a glowing silver altar of Zin.
  7294 | D:6      | Found an opulent altar of Gozag.
  7359 | D:6      | Found a bloodstained altar of Trog.
  7361 | D:6      | Found a glowing golden altar of the Shining One.
  7364 | D:6      | Found a sacrificial altar of Ru.
  7571 | D:6      | Found a shimmering altar of Xom.
  7652 | D:6      | Reached XP level 9. HP: 69/82 MP: 8/8
  7918 | D:7      | Noticed Dowan
  7919 | D:7      | Noticed Duvessa
  7927 | D:7      | Killed Dowan
  7934 | D:7      | Killed Duvessa
  7935 | D:7      | Reached skill level 1 in Shields
  8054 | D:7      | Reached **** piety under Trog
  8312 | D:7      | Found an iron altar of Okawaru.
  8315 | D:7      | Found an ornate altar of the Wu Jian Council.
  8345 | D:7      | Noticed Pikel
  8374 | D:7      | Killed Pikel
  8962 | D:8      | Found a stormy altar of Qazlal.
  9195 | D:8      | Reached skill level 10 in Fighting
  9274 | D:8      | Found a staircase to the Lair.
  9375 | D:8      | Reached skill level 10 in Axes
 10032 | D:9      | Reached XP level 10. HP: 81/93 MP: 9/9
 10034 | D:9      | Noticed a two-headed ogre
 10042 | D:9      | Reached skill level 5 in Shields
 10045 | D:9      | Reached skill level 10 in Armour
 10058 | D:9      | Killed a two-headed ogre
 10497 | D:9      | Found a staircase to the Orcish Mines.
 10501 | D:9      | Reached ***** piety under Trog
 10530 | D:9      | Noticed a brown ugly thing
 10570 | D:9      | Killed a brown ugly thing
 10942 | D:9      | Found a runed translucent door.
 10948 | D:9      | Found a basalt altar of Yredelemnul.
 11063 | D:9      | Found a runed translucent door.
 11063 | D:9      | Noticed dolemite99's ghost (novice DsGl)
 11064 | D:9      | Noticed a centaur warrior
 11643 | D:9      | Killed dolemite99's ghost
 11646 | D:9      | Killed a centaur warrior
 11647 | D:9      | Reached XP level 11. HP: 102/102 MP: 10/10
 11729 | Orc:1    | Entered Level 1 of the Orcish Mines
 11733 | Orc:1    | Found a transporter.
 11740 | Orc:1    | Noticed ggurman's ghost (journeyman MiFi)
 11742 | Orc:1    | Noticed an orc sorcerer
 11744 | Orc:1    | Found a transporter.
 12089 | Orc:1    | Noticed an orc knight
 12095 | Orc:1    | Noticed Maurice
 12101 | Orc:1    | Received a gift from Trog
 12107 | Orc:1    | Killed an orc knight
 12126 | Orc:1    | Killed Maurice
 12307 | Orc:1    | Noticed Sonja
 12311 | Orc:1    | Noticed Sonja
 12311 | Orc:1    | Sonja changed into Sonja the golden eye
 12326 | Orc:1    | Killed Sonja the golden eye
 13443 | Orc:1    | Killed an orc sorcerer
 13454 | Orc:1    | Killed ggurman's ghost
 13505 | Orc:2    | Entered Level 2 of the Orcish Mines
 13563 | Orc:2    | Noticed an orc high priest
 13568 | Orc:2    | Noticed an orc sorcerer
 13570 | Orc:2    | Noticed an orc knight
 13571 | Orc:2    | Noticed a soul eater
 13572 | Orc:2    | Noticed an orc knight
 13577 | Orc:2    | Killed an orc sorcerer
 13579 | Orc:2    | Paralysed by a chaos spawn for 6 turns
 13581 | Orc:2    | Noticed Blork the orc
 13584 | Orc:2    | HP: 4/154 [orc high priest (16)]
 13584 | Orc:2    | Mangled by a chaos spawn

Illustrated notes

Levels and vault maps discovered:
D:1:      roderic_chinese_lattice_arrival, layout_basic, minmay_misc_feat_room,
          hangedman_decor_slide_cut, minmay_misc_feat_enclosed,
          grunt_decor_arrowhead
D:2:      layout_rooms, shapermc_ecumenical_altar_acropolis
D:3:      layout_loops_cross, lexackson_kobold_supper
D:4:      layout_loops_ring, nicolae_overflow_hidden_temple,
          kennysheep_minor_cross
D:5:      cheibrodos_helix_gallery, layout_layer_cave,
          minmay_temple_entry_gardened_gates, nicolae_elevator_lobby_asterisk
D:6:      layout_loops_ring, marbit_many_paths, dk_xom_monty_hall, minitemple
D:7:      layout_cave_pods, gammafunk_temple_overflow_wave, nrook_mini_vaults,
          uniq_pikel, uniq_duvessa
D:8:      layout_cave_pods, mainiacjoe_overflow_catwalk,
          grunt_lair_entry_orc_guard_hut, abandoned_shop
D:9:      layout_loops_ring, dk_yredelemnul_ordeal, hiddenorc2_lemuel,
          ebering_ghost_inner_flame
Orc:1:    layout_diamond_mine, gammafunk_ghost_arena, uniq_sonja, uniq_maurice
Orc:2:    grunt_orc_cross, layout_caves, guppyfry_orc_lava_fort

Skill      XL: |  1  2  3  4  5  6  7  8  9 10 11 |
---------------+----------------------------------+-----
Axes           | 4 5 6 7 8 10 11 12 | 12.3
Fighting       | 4 5 6 7 8 10 11 12 | 12.4
Armour         | 3 4 5 6 8 9 11 12 | 12.1
Shields        | 4 7 8 |  8.7
Dodging        | |  2.1

Action                   |  1- 3 |  4- 6 |  7- 9 | 10-12 || total
-------------------------+-------+-------+-------+-------++-------
Melee: Hand axe          |    68 |   109 |   278 |    59 ||   514
       Headbutt          |     8 |    20 |    69 |    53 ||   150
       Punch             |     1 |       |     1 |       ||     2
       Unarmed           |       |       |     7 |       ||     7
       Battleaxe         |       |       |       |   165 ||   165
       Broad axe         |       |       |       |    43 ||    43
Invok: Berserk           |     1 |     3 |     7 |     7 ||    18
       Trog's Hand       |       |       |       |     2 ||     2
Evoke: Wand              |       |       |       |     3 ||     3
  Use: Scroll            |       |       |     8 |       ||     8
 Stab: Sleeping          |       |     2 |       |       ||     2
       Invisible         |       |       |       |     1 ||     1
Armor: Animal skin       |    15 |    13 |       |       ||    28
       Chain mail        |       |     5 |   125 |    62 ||   192
       Skin              |       |       |     2 |       ||     2
       Plate armour      |       |       |       |    72 ||    72
Dodge: Dodged            |    39 |    63 |   127 |   108 ||   337
Block: Buckler           |       |       |    33 |    22 ||    55
